 Dungeon Crawl Stone Soup version 0.29.0 (webtiles) character file.

Game seed: 3507670200213915857

9268 smazza the Zephyrmancer (level 11, 0/64 HPs)
             Began as a Tengu Air Elementalist on Sept 15, 2022.
             Was a Believer of Vehumet.
             Slain by a seven-headed hydra (10 damage)
             ... on level 10 of the Dungeon.
             The game lasted 01:01:07 (15801 turns).

smazza the Zephyrmancer (Tengu Air Elementalist)   Turns: 15801, Time: 01:01:09

Health: 0/64       AC: 10    Str:  9    XL:     11   Next: 43%
Magic:  14/29      EV: 14    Int: 20    God:    Vehumet [**....]
Gold:   273        SH:  0    Dex: 14    Spells: 7/21 levels left

rFire   . . .      SeeInvis .   G - +1 dagger (venom)
rCold   + . .      Faith    .   (no shield)
rNeg    . . .      Spirit   .   a - +0 swamp dragon scales
rPois   +          Reflect  .   x - +1 hat
rElec   .          Harm     .   q - +1 cloak
rCorr   .          Rampage  .   (no gloves)
Will    .....                   (boots unavailable)
Stlth   ++........              m - amulet of the acrobat
HPRegen 0.20/turn               n - ring of protection from cold
MPRegen 0.21/turn               s - ring of magical power

@: about to teleport, flying quickly and evasively, quick
A: beak, talons 3, nimble flight
a: Renounce Religion


You were on level 10 of the Dungeon.
You worshipped Vehumet.
Vehumet was pleased with you.
You visited 2 branches of the dungeon, and saw 11 of its levels.

You collected 707 gold pieces.
You spent 434 gold pieces at shops.

Inventory:

Hand Weapons
 d - a +1 dagger of flaming
 F - a +1 dagger of speed
 G - a +1 dagger of venom (weapon)
Missiles
 p - 5 boomerangs
 t - 3 boomerangs of dispersal
Armour
 a - +0 swamp dragon scales (worn)
 j - the +3 leather armour "Mytil" {rF+ rC- rN++ Int+2}
   (You found it on level 3 of the Dungeon)

   Int:       It affects your intelligence (+2).
   rF:        It protects you from fire.
   rC:        It makes you vulnerable to cold.
   rN:        It greatly protects you from negative energy.
 q - a +1 cloak (worn)
 v - the +1 robe of the Trombone {rN+ Stlth+}
   (You found it on level 6 of the Dungeon)

   rN:        It protects you from negative energy.
   Stlth:     It makes you more stealthy.
 x - a +1 hat (worn)
Jewellery
 m - an amulet of the acrobat (around neck)
 n - a ring of protection from cold (left hand)
 s - a ring of magical power (right hand)
 u - a ring of wizardry
 w - a ring of poison resistance
Wands
 r - a wand of iceblast (13)
 y - a wand of polymorph (12)
 B - a wand of flame (25)
Scrolls
 c - a scroll of torment
 l - 3 scrolls of enchant armour
 z - a scroll of teleportation
 A - a scroll of enchant weapon
 C - 7 scrolls of identify
 D - a scroll of poison
 E - a scroll of amnesia
 H - a scroll of magic mapping
Potions
 b - a potion of magic
 e - 4 potions of curing
 f - 3 potions of heal wounds {unknown}
 g - 3 potions of attraction {unknown}
 h - 3 potions of invisibility
 i - a potion of brilliance
 k - 2 potions of mutation
 o - 2 potions of resistance
 I - a potion of berserk rage
 J - a potion of degeneration {unknown}


   Skills:
 + Level 5.6 Fighting
 * Level 6.0 Short Blades
 + Level 6.6 Dodging
 + Level 3.3 Stealth
 + Level 5.7 Spellcasting
 * Level 10.9 Conjurations
 * Level 4.1 Translocations
 - Level 12.0 Air Magic
 + Level 0.0 Evocations


You had 7 spell levels left.
You knew the following spells:

 Your Spells              Type           Power      Damage    Failure   Level
a - Shock                 Conj/Air       100%       1d9       1%          1
b - Static Discharge      Conj/Air       51%        3-10/arc  1%          2
c - Swiftness             Air            52%        N/A       1%          3
d - Airstrike             Air            26%        2d(4-20)  2%          4
e - Iskenderun's Mystic   Conj/Tloc      35%        2d8       14%         4

Your spell library contained the following spells:

 Spells                   Type           Power      Damage    Failure   Level
 Foxfire                  Conj/Fire      100%       2x1d9     3%          1
 Apportation              Tloc           44%        N/A       5%          1
 Necrotise                Necr           20%        1d5       30%         1
 Summon Small Mammal      Summ           20%        N/A       30%         1
 Fulminant Prism          Conj/Hex       13%        3d9       32%         4
 Portal Projectile        Hex/Tloc       26%        N/A       36%         3
 Conjure Ball Lightning   Conj/Air       25%        3x3d7     38%         6
 Tukima's Dance           Hex            5%         N/A       65%         3
 Blade Hands              Tmut           2%         N/A       100%        5
 Lee's Rapid Deconstruct  Erth           2%         3d6*      100%        5
 Discord                  Hex            2%         N/A       100%        8
 Disjunction              Tloc           11%        N/A       100%        8


Dungeon Overview and Level Annotations

Branches:
Dungeon (10/15)            Temple (1/1) D:7             Orc (0/2) D:9
   Lair: D:8-11

Altars:
Ashenzari
Dithmenos
Fedhas
Gozag
Hepliaklqana
Kikubaaqudgha
Nemelex Xobeh
Okawaru
Qazlal
Sif Muna
Trog
Uskayaw
Vehumet
Xom
Yredelemnul
Zin
The Shining One

Shops:
D:4 =   D:7 *   D:9 *

Annotations:
D:10 3 transporters


Innate Abilities, Weirdness & Mutations

You have a beak for a mouth.
You have claws for feet.
Your magical nature lets you fly swiftly and evasively.


Message History

The seven-headed hydra is moderately wounded.
You are struck by an arc of lightning.
The seven-headed hydra is struck by an arc of lightning.
The seven-headed hydra is heavily wounded.
The lightning grounds out.
The seven-headed hydra bites you.
The seven-headed hydra bites you but does no damage.
The seven-headed hydra misses you.
The seven-headed hydra closely misses you.
The seven-headed hydra bites you.
The seven-headed hydra bites you but does no damage.
The seven-headed hydra bites you.
Casting: Static Discharge (safe; 1% risk of failure)
Confirm with . or Enter, or press ? or * to list all spells.
The seven-headed hydra is struck by an arc of lightning!
The seven-headed hydra is heavily wounded.
You are struck by an arc of lightning.
The lightning grounds out.
The seven-headed hydra bites you but does no damage. x2
The seven-headed hydra misses you.
The seven-headed hydra closely misses you.
The seven-headed hydra bites you but does no damage.
The seven-headed hydra bites you!
The seven-headed hydra barely misses you.
Casting: Static Discharge (safe; 1% risk of failure)
Confirm with . or Enter, or press ? or * to list all spells.
The seven-headed hydra is struck by an arc of lightning!
The seven-headed hydra is severely wounded.
You are struck by an arc of lightning.
The lightning grounds out.
The seven-headed hydra bites you! The seven-headed hydra bites you.
The seven-headed hydra bites you but does no damage.
The seven-headed hydra bites you!
* * * LOW HITPOINT WARNING * * *
The seven-headed hydra closely misses you. x2
The seven-headed hydra bites you but does no damage.
As you read the scroll of teleportation, it crumbles to dust.
You feel strangely unstable.
The seven-headed hydra barely misses you.
The seven-headed hydra bites you!
* * * LOW HITPOINT WARNING * * *
The seven-headed hydra bites you!
You die...

##############################
.............................#
..####.####....D@......####..#
..# #.# #..########....##..#
..# #.# #..# #?##.##..# ..#
#.# #..# #.#..©#.># ..# #.#
#..# #...©....# ..# #.# #..#
#.#©.)#..# ..# #.# #..#
#.##.##..# [.# #.# #..#
#..#.##..# ..# #.# #..#
#....##..#


You could see a seven-headed hydra.

Vanquished Creatures
  A two-headed ogre (D:10)
  Pikel (D:7)
  Maggie (D:7)
  A kobold demonologist (D:8)
  A komodo dragon (D:7)
  A troll (D:10)
  A hornet (D:7)
  A wyvern (D:10)
  A vampire (D:6)
  14 yaks
  A wraith (D:10)
  2 steam dragons
  Menkaure (D:6)
  4 water moccasins
  2 ice beasts
  2 black bears
  7 orc warriors
  6 centaurs
  3 phantoms
  2 lemures (D:7)
  2 kobold brigands (D:8)
  6 bullfrogs
  4 necrophages
  5 scorpions
  3 wights (D:5)
  A howler monkey (D:8)
  3 hounds
  2 jellies
  6 orc priests
  Crazy Yiuf (D:6)
  A gnoll bouda (D:7)
  2 iguanas
  7 orc wizards
  9 adders
  2 shadow imps
  3 white imps
  3 ufetubi
  A dart slug (D:2)
  37 orcs
  6 ball pythons
  3 bats
  8 endoplasms
  A giant cockroach (D:1)
  7 goblins
  7 hobgoblins
  4 jackals (D:3)
  4 quokkas
  2 frilled lizards (D:1)
  14 kobolds
  5 rats
212 creatures vanquished.

Vanquished Creatures (others)
  2 fungi
  3 plants (D:7)
5 creatures vanquished.

Grand Total: 217 creatures vanquished

Notes
Turn   | Place    | Note
-------+----------+-------------------------------------------
     0 | D:1      | smazza the Tengu Air Elementalist began the quest for the
                  | Orb.
     0 | D:1      | Reached XP level 1. HP: 10/10 MP: 4/4
   226 | D:1      | Found a faded altar of an unknown god.
   305 | D:1      | Reached XP level 2. HP: 15/15 MP: 0/6
   308 | D:1      | Learned a level 2 spell: Static Discharge
  1058 | D:1      | Reached skill level 5 in Air Magic
  1217 | D:2      | Reached XP level 3. HP: 12/19 MP: 3/7
  1676 | D:2      | Learned a level 3 spell: Swiftness
  2483 | D:3      | Identified the +3 leather armour "Mytil" {rF+ rC- rN++
                  | Int+2}
  2618 | D:3      | Reached XP level 4. HP: 24/24 MP: 6/8
  3658 | D:4      | Noticed a necrophage
  3686 | D:4      | Noticed a scorpion
  3692 | D:4      | Killed a scorpion
  3693 | D:4      | Reached skill level 1 in Fighting
  3693 | D:4      | Reached skill level 6 in Air Magic
  3693 | D:4      | Gained mutation: Your magical nature lets you fly swiftly
                  | and evasively. [Tengu growth]
  3693 | D:4      | Reached XP level 5. HP: 29/29 MP: 5/9
  4343 | D:4      | Reached XP level 6. HP: 22/35 MP: 3/11
  4539 | D:4      | You are sucked into a shaft and drop 2 floors!
  4542 | D:5      | Entered Level 5 of the Dungeon
  4579 | D:5      | Reached XP level 7. HP: 23/40 MP: 1/12
  4818 | D:5      | Reached skill level 7 in Air Magic
  4861 | D:4      | Found Bepuups's Jewellery Shop.
  4879 | D:4      | Learned a level 4 spell: Airstrike
  4944 | D:4      | Reached skill level 5 in Conjurations
  5968 | D:5      | Noticed a yak
  5968 | D:5      | Noticed a yak
  5968 | D:5      | Noticed a yak
  5968 | D:5      | Noticed a yak
  5968 | D:5      | Noticed a yak
  5968 | D:5      | Noticed a yak
  5977 | D:5      | Killed a yak
  5978 | D:5      | Reached XP level 8. HP: 29/46 MP: 9/14
  5980 | D:5      | Killed a yak
  5981 | D:5      | Reached skill level 8 in Air Magic
  5981 | D:5      | Killed a yak
  6138 | D:4      | Killed a yak
  6182 | D:4      | Killed a yak
  6264 | D:5      | Killed a yak
  6265 | D:5      | Reached skill level 9 in Air Magic
  6512 | D:5      | Reached XP level 9. HP: 44/52 MP: 12/16
  6666 | D:5      | Reached skill level 1 in Short Blades
  6879 | D:5      | Reached skill level 5 in Dodging
  7120 | D:6      | Noticed Menkaure
  7124 | D:6      | Killed Menkaure
  7452 | D:6      | Identified the +1 robe of the Trombone {rN+ Stlth+}
  7593 | D:4      | Bought a ring of poison resistance for 280 gold pieces
  7735 | D:6      | Learned a level 4 spell: Iskenderun's Mystic Blast
  8053 | D:6      | Reached skill level 10 in Air Magic
  8573 | D:6      | Found a runed translucent door.
  8574 | D:6      | Noticed Crazy Yiuf
  8580 | D:6      | Killed Crazy Yiuf
  8676 | D:7      | Reached skill level 1 in Translocations
  8764 | D:7      | Noticed Maggie
  9079 | D:7      | Killed Maggie
  9348 | D:7      | Reached XP level 10. HP: 48/58 MP: 18/18
  9592 | D:7      | Found a staircase to the Ecumenical Temple.
  9597 | D:7      | Found a sparkling altar of Nemelex Xobeh.
  9608 | Temple   | Entered the Ecumenical Temple
  9679 | Temple   | Became a worshipper of Vehumet
  9830 | D:7      | Identified the +4 ring mail of the Spheres {Int+4 Dex-3}
  9847 | D:7      | Found Tarid's General Store.
 10600 | D:7      | Reached skill level 5 in Spellcasting
 10617 | D:7      | Noticed Pikel
 10646 | D:7      | Killed Pikel
 10845 | D:7      | Reached skill level 11 in Air Magic
 11280 | D:7      | Found a shimmering blue altar of Sif Muna.
 11280 | D:7      | Found a broken altar of Ashenzari.
 11498 | D:8      | Reached skill level 5 in Fighting
 11606 | D:8      | Found a stormy altar of Qazlal.
 11668 | D:8      | Noticed a kobold demonologist
 11694 | D:8      | Killed a kobold demonologist
 11694 | D:8      | Reached * piety under Vehumet
 11694 | D:8      | Offered knowledge of Freeze by Vehumet.
 11922 | D:8      | Reached skill level 10 in Conjurations
 12442 | D:8      | Reached skill level 5 in Short Blades
 13484 | D:9      | Reached ** piety under Vehumet
 13484 | D:9      | Offered knowledge of Foxfire by Vehumet.
 13501 | D:9      | Reached XP level 11. HP: 44/64 MP: 19/20
 13635 | D:9      | Found a staircase to the Orcish Mines.
 14261 | D:9      | Found a glowing golden altar of the Shining One.
 14278 | D:9      | Found Gosik's Island Escapes.
 14286 | D:9      | Bought a scroll of teleportation for 42 gold pieces
 14286 | D:9      | Bought a potion of invisibility for 112 gold pieces
 14994 | D:10     | Entered Level 10 of the Dungeon
 15044 | D:10     | Found a transporter.
 15046 | D:10     | Found a transporter.
 15075 | D:10     | Found a transporter.
 15075 | D:10     | Found a transporter.
 15426 | D:10     | Found a transporter.
 15430 | D:10     | Found a transporter.
 15692 | D:10     | Noticed a two-headed ogre
 15700 | D:10     | Killed a two-headed ogre
 15701 | D:10     | Reached skill level 12 in Air Magic
 15786 | D:10     | Noticed a seven-headed hydra
 15801 | D:10     | Slain by a seven-headed hydra

Illustrated notes

Levels and vault maps discovered:
D:1:      dpeg_cavernosity, layout_basic,
          hellmonk_ecumenical_altar_slurped_away, patterned_corridor
D:2:      layout_basic, serial_curves, eino_curves_02, eino_curves_04,
          minmay_crystal_water
D:3:      layout_basic
D:4:      layout_loops_cross, serial_shops, nicolae_take_the_stairs,
          hangedman_decor_clover_reticule
D:5:      layout_loops_ring
D:6:      minmay_recursive_quarters, layout_loops_corners,
          nicolae_ossuary_entry_monument, nrook_mini_backslash,
          uniq_crazy_yiuf_cottage, uniq_menkaure
D:7:      layout_gridville, gammafunk_temple_overflow_elements,
          minmay_temple_entry_overgrown, serial_shops,
          nicolae_shop_hallway_stairs, kennysheep_nondescript,
          minmay_ruined_shrine, uniq_pikel, uniq_maggie
D:8:      layout_cave_pods, nicolae_qazlal_general_emergency
D:9:      layout_irregular_city, tso_oasis_becter, orc_0_dummy,
          nicolae_island_escapes
D:10:     layout_long_grid, makhleb_altar_promises_db, serial_nicolae_subway,
          nicolae_sub_station_crystal, nicolae_sub_station_metal,
          nicolae_sub_station_stone
Temple:   bh_familiar_temple

Skill      XL: |  1  2  3  4  5  6  7  8  9 10 11 |
---------------+----------------------------------+-----
Air Magic      | 5 6 7 9 10 11 12 | 12.0
Conjurations   | 2 3 4 6 7 9 10 | 10.9
Fighting       | 1 2 3 4 5 |  5.6
Dodging        | 3 4 5 6 |  6.6
Spellcasting   | 3 4 5 |  5.7
Short Blades   | 3 5 6 |  6.0
Translocations | 1 3 4 |  4.1
Stealth        | 3 |  3.3

Action                   |  1- 3 |  4- 6 |  7- 9 | 10-12 || total
-------------------------+-------+-------+-------+-------++-------
Melee: Dagger            |    29 |    19 |    43 |   148 ||   239
       Peck              |     6 |     2 |     9 |    37 ||    54
       Kick              |     3 |     2 |    17 |    53 ||    75
       Punch             |       |       |     1 |     3 ||     4
 Cast: Shock             |    67 |    60 |   128 |   103 ||   358
       Static Discharge  |       |     3 |    20 |    46 ||    69
       Swiftness         |       |     1 |     1 |       ||     2
       Airstrike         |       |       |       |    33 ||    33
  Use: Scroll            |       |       |    14 |     4 ||    18
       Potion            |       |       |       |     1 ||     1
 Stab: Sleeping          |     3 |       |       |     1 ||     4
Armor: Robe              |     4 |     4 |    20 |       ||    28
       Swamp dragon scal |       |       |       |    58 ||    58
Dodge: Dodged            |    28 |    37 |    78 |   127 ||   270
